 Dungeon Crawl Stone Soup version 0.24-a0-378-g94936e539c (webtiles) character file.

Game seed: 9382371315383959546

40 Goodini51 the Covered (level 3, -1/28 HPs)
             Began as a Demigod Wanderer on June 1, 2019.
             Succumbed to Robin's poison
             ... on level 2 of the Dungeon.
             The game lasted 00:05:12 (1142 turns).

Goodini51 the Covered (Demigod Wanderer)            Turns: 1142, Time: 00:05:12

Health: -1/28      AC: 10    Str: 15    XL:     3   Next: 14%
Magic:  8/8        EV:  9    Int: 18    God:
Gold:   12         SH:  0    Dex: 15    Spells: 6/6 levels left

rFire    . . .     SeeInvis .   h - +0 whip
rCold    . . .     Gourm    .   (no shield)
rNeg     . . .     Faith    .   c - +2 scale mail
rPois    .         Spirit   .   (no helmet)
rElec    .         Reflect  .   m - +1 cloak
rCorr    .         Harm     .   (no gloves)
MR       .....                  (no boots)
Stlth    ..........             (no amulet)
HPRegen  0.09/turn              (no ring)
MPRegen  0.11/turn              (no ring)

@: lethally poisoned (-1 -> -45), hasted, very quick
A: high mp 1
a: no special abilities


You were on level 2 of the Dungeon.
You were very hungry.

You visited 1 branch of the dungeon, and saw 2 of its levels.

You collected 12 gold pieces.

Inventory:

Hand Weapons
 a - a +0 club
 h - a +0 whip (weapon)
Missiles
 i - 18 arrows
 p - 10 poisoned darts (quivered)
Armour
 c - a +2 scale mail (worn)
 m - a +1 cloak (worn)
Scrolls
 f - a scroll of enchant armour {unknown}
 j - a scroll of magic mapping {unknown}
 k - a scroll of immolation {unknown}
 l - a scroll of teleportation {unknown}
 n - a scroll of remove curse {unknown}
 q - a scroll of blinking {unknown}
Potions
 b - a potion of lignification
 o - a potion of heal wounds {unknown}
Comestibles
 d - 2 rations


   Skills:
 * Level 1.5 Fighting
 + Level 1.0 Maces & Flails
   Level 1.7 Crossbows
 + Level 0.1 Throwing
 + Level 2.2 Armour
 + Level 0.6 Dodging
 + Level 1.0 Stealth
 + Level 2.1 Spellcasting
   Level 1.0 Charms
   Level 1.0 Evocations


You had 6 spell levels left.
You didn't know any spells.
Your spell library was empty.

Dungeon Overview and Level Annotations

Branches:
Dungeon (2/15)

Annotations:
D:2 Robin


Innate Abilities, Weirdness & Mutations

You have an increased reservoir of magic. (+10% MP)


Message History

* * * LOW HITPOINT WARNING * * *
You feel sick. Robin hits you but does no damage.
You are more poisoned.
You hit Robin but do no damage.
Robin is severely wounded.
* * * LOW HITPOINT WARNING * * *
You feel sick. Robin hits you but does no damage.
You are more poisoned.
You hit Robin but do no damage.
Robin is severely wounded.
* * * LOW HITPOINT WARNING * * *
You feel sick. Robin hits you but does no damage.
You are more poisoned.
You barely miss Robin.
Robin is severely wounded.
* * * LOW HITPOINT WARNING * * *
You feel very sick.
You barely miss Robin.
Robin is severely wounded.
You die...

.. ###g# ##
##...### #
#......#
###.#####.##
..........##
##.##.....#
#.g..## ###
#....# #@#
#....#
#g####....#
#g...g....#
######.#..#
#.#### ..#
####


You could see Robin and a hobgoblin.

Vanquished Creatures
  An ooze (D:2)
  A dart slug (D:1)
  A ball python (D:2)
  3 bats
  10 goblins
  8 hobgoblins
  A kobold (D:2)
  A leopard gecko zombie (D:2)
  A rat (D:1)
27 creatures vanquished.

Notes
Turn   | Place    | Note
-------+----------+-------------------------------------------
     0 | D:1      | Goodini51 the Demigod Wanderer began the quest for the Orb.
     0 | D:1      | Goodini51 set off with the following items: a +0 club, a
                  | potion of lignification, a +2 scale mail, a ration
     0 | D:1      | Reached XP level 1. HP: 16/16 MP: 5/5
   351 | D:1      | Reached XP level 2. HP: 23/23 MP: 7/7
   851 | D:2      | Noticed Robin
   908 | D:2      | Reached XP level 3. HP: 24/28 MP: 8/8
   914 | D:2      | Reached skill level 1 in Maces & Flails
  1141 | D:2      | HP: 1/28 [poisoned by Robin]
  1142 | D:2      | Succumbed to Robin's poison

Levels and vault maps discovered:
D:1:      dpeg_arrival_simpleton_b, layout_loops_cross, serial_bayou_lagoon_a,
          minmay_tripent
D:2:      layout_basic, lemuel_round_altar, fountainhead,
          nicolae_ru_great_annihilating_truth, uniq_robin

Skill      XL: |  1  2  3 |
---------------+----------+-----
Spellcasting   | 2 |  2.1
Armour         | 2 |  2.2
Maces & Flails | 1 |  1.0
Fighting       | |  1.5
Crossbows      | |  1.7
Throwing       | |  0.1
Dodging        | |  0.6
Stealth        | |  1.0
Charms         | |  1.0
Evocations     | |  1.0

Action                   || total
-------------------------++-------
Melee: Whip              ||   158
       Club              ||     4
Throw: Dart              ||     3
  Use: Potion            ||     2
Armor: Scale mail        ||    81
Dodge: Dodged            ||    83

Table legend:
 A = Non-vault XP
 B = Vault XP
 C = Vault XP percentage of total XP
 D = Non-vault monster count
 E = Vault monster count
 F = Vault count percentage of total count
                 A         B        C        D         E       F
            +---------+---------+-------+---------+---------+-------
      Total |      32 |      26 |  44.8 |      15 |      12 |  44.4
            +---------+---------+-------+---------+---------+-------
        D:1 |      14 |       8 |  36.4 |       8 |       3 |  27.3
        D:2 |      18 |      18 |  50.0 |       7 |       9 |  56.2
            +---------+---------+-------+---------+---------+-------
